 Dungeon Crawl Stone Soup version 0.22.1-2-g9c5b331 (webtiles) character file.

445 SilentRunner the Shield-Bearer (level 6, 0/61 HPs)
             Began as a Troll Fighter on Dec 18, 2018.
             Was a Believer of Uskayaw.
             Succumbed to an ogre zombie's poison
             ... on level 4 of the Dungeon.
             The game lasted 00:29:27 (4131 turns).

SilentRunner the Shield-Bearer (Troll Fighter)      Turns: 4131, Time: 00:29:27

Health: 0/61       AC:  6    Str: 32    XL:     6   Next: 72%
Magic:  5/5        EV:  9    Int:  4    God:    Uskayaw [**....]
Gold:   229        SH: 12    Dex:  9    Spells: 5/5 levels left

rFire    x . .     SeeInvis .   V - +1 short sword (speed)
rCold    + . .     Gourm    +   b - +2 shield
rNeg     . . .     Faith    .   l - +0 robe
rPois    .         Spirit   .   (helmet restricted)
rElec    .         Reflect  .   T - +0 cloak
rCorr    .         Harm     .   (gloves unavailable)
MR       .....                  (boots unavailable)
Stlth    +.........             (no amulet)
HPRegen  0.60/turn              p - ring of wizardry
MPRegen  0.09/turn              H - ring of ice (curse)

@: mighty, lethally poisoned (0 -> -46)
A: large, unfitting armour, claws 3, fast metabolism 3, gourmand, regeneration
1, shaggy fur 1, tough skin 2
a: Stomp, Line Pass, Renounce Religion


You were on level 4 of the Dungeon.
You worshipped Uskayaw.
Uskayaw was noncommittal.
You were full.

You visited 1 branch of the dungeon, and saw 4 of its levels.

You collected 229 gold pieces.

Inventory:

Hand Weapons
 i - a +0 spear
 m - a +1 whip of venom
 r - a +0 short sword
 t - a +0 long sword
 B - a +0 short sword
 C - a +1 short sword of electrocution
 V - a +1 short sword of speed (weapon)
Missiles
 g - 6 javelins
 h - 2 needles of confusion
 w - 120 stones
 E - 18 poisoned needles
 U - 9 tomahawks (quivered)
Armour
 b - a +2 shield (worn)
 l - a +0 robe (worn)
 z - the cursed +1 leather armour of Oblivion {Regen+ Dex+2, unknown}
   (You found it on level 4 of the Dungeon)

   It affects your dexterity (+2).
   It increases your rate of regeneration.
   It has a curse placed upon it.
 A - a +0 centaur barding
 T - a +0 cloak (worn)
Jewellery
 p - a ring of wizardry (left claw)
 H - a cursed ring of ice (right claw)
Wands
 a - a wand of flame (37)
 y - a wand of acid (9)
Scrolls
 e - a scroll of teleportation
 f - a scroll of magic mapping
 j - 2 scrolls of identify
 k - a scroll of remove curse
 n - a scroll of amnesia
 v - a scroll of noise {unknown}
 G - a scroll of fear {unknown}
Potions
 o - 2 potions of resistance
 q - a potion of curing {unknown}
 u - a potion of heal wounds {unknown}
 x - a potion of mutation {unknown}
 F - a potion of ambrosia {unknown}
 K - 2 potions of berserk rage {unknown}
 L - a potion of haste {unknown}
 M - a potion of lignification {unknown}
Comestibles
 d - 9 rations
 D - a chunk of flesh


   Skills:
 + Level 3.2 Fighting
 + Level 1.6 Short Blades
 + Level 2.1 Maces & Flails
 + Level 1.3 Throwing
 + Level 3.5 Dodging
 + Level 0.6 Stealth
 + Level 3.7 Shields
 + Level 2.3 Unarmed Combat


You had 5 spell levels left.
You didn't know any spells.
Your spell library was empty.

Dungeon Overview and Level Annotations

Branches:
Dungeon (4/15)             Temple (0/1) D:4

Altars:
Gozag
Ru
Uskayaw

Annotations:
D:4 1 transporter


Innate Abilities, Weirdness & Mutations

You are too large for most types of armour.
You have claws for hands.
Your metabolism is lightning-fast.
You like to eat raw meat.
Your natural rate of healing is unusually fast.
You are covered in fur. (AC +1)
You have very tough skin. (AC +2)


Message History

The orc warrior zombie hits you but does no damage.
You are more poisoned.
The gnoll sergeant zombie hits you from afar with a spear of venom.
* * * LOW HITPOINT WARNING * * *
You are more poisoned.
* * * LOW HITPOINT WARNING * * *
You feel very sick.
You puncture the ogre zombie!
The ogre zombie is heavily damaged.
* * * LOW HITPOINT WARNING * * *
You feel very sick.
You puncture the ogre zombie!
The ogre zombie is severely damaged.
* * * LOW HITPOINT WARNING * * *
You feel very sick.
The ogre zombie hits you but does no damage.
You are more poisoned.
You puncture the ogre zombie!
The ogre zombie is almost destroyed.
You die...

.....## #.###......## ##..##
.....# #..........# ##..# ...#.##
##>......<.# ####.... ..##..#
#.....#######....... #####.##
########..§§§#....... ##..####
#§§§§§§#§§§§§######..
##......###§§§§§§#§§§§§#### #..
###.........#§§#.#Z§§§.$?#..###..
#..........©#§§©@ZZ§§§.!©#©..#..#
....#.......#§§#.#.§§§.$=#...#..#
............#.§§§§§#§§§§§###...##
............#§§§§§§#§§§§§#>....##
...........#########§§.§.#.......
...........# #.#########.....
..........## #..)...###......
.........## #..#............
####......## ##.####..........


You could see a gnoll sergeant zombie, an orc warrior zombie and an ogre zombie.

Vanquished Creatures
  A phantom (D:4)
  A scorpion (D:3)
  An orc wizard (D:3)
  3 iguanas (D:4)
  A worker ant (D:4)
  An ogre zombie (D:4)
  A hound skeleton (D:4)
  A gnoll (D:1)
  An adder (D:3)
  2 oozes
  2 adder skeletons (D:4)
  3 worms (D:2)
  5 dart slugs
  5 leopard geckos
  11 orcs
  9 bats
  5 giant cockroaches
  6 goblins
  10 hobgoblins
  A jackal (D:3)
  2 quokkas
  A ball python (D:4)
  4 frilled lizards
  A jackal skeleton (D:4)
  5 kobolds
  11 rats
  A plant (D:3)
95 creatures vanquished.

Notes
Turn   | Place    | Note
-------+----------+-------------------------------------------
     0 | D:1      | SilentRunner the Troll Fighter began the quest for the Orb.
     0 | D:1      | Reached XP level 1. HP: 22/22 MP: 0/0
   124 | D:1      | Reached XP level 2. HP: 29/29 MP: 1/1
   556 | D:1      | Reached XP level 3. HP: 36/36 MP: 2/2
  1395 | D:2      | Reached XP level 4. HP: 44/44 MP: 3/3
  1950 | D:3      | Found a sacrificial altar of Ru.
  1966 | D:3      | Reached skill level 1 in Maces & Flails
  1988 | D:3      | Became a worshipper of Ru the Awakened
  2278 | D:3      | Found an opulent altar of Gozag.
  2367 | D:3      | You fall through a shaft!
  2396 | D:4      | Reached XP level 5. HP: 53/53 MP: 4/4
  2408 | D:4      | Found a transporter.
  3049 | D:4      | Found a hide-covered altar of Uskayaw.
  3076 | D:4      | Fell from the grace of Ru
  3076 | D:4      | Became a worshipper of Uskayaw the Reveler
  3269 | D:4      | Noticed a phantom
  3309 | D:4      | Reached * piety under Uskayaw
  3412 | D:4      | Reached skill level 1 in Short Blades
  3412 | D:4      | Reached XP level 6. HP: 60/61 MP: 5/5
  3441 | D:4      | Reached ** piety under Uskayaw
  3508 | D:4      | Reached skill level 1 in Throwing
  3508 | D:4      | Reached *** piety under Uskayaw
  3597 | D:4      | Got a smoking leather armour
  3734 | D:4      | Found a staircase to the Ecumenical Temple.
  3760 | D:4      | Found a transporter.
  4131 | D:4      | Succumbed to an ogre zombie's poison

Skill      XL: |  1  2  3  4  5  6 |
---------------+-------------------+-----
Shields        | 3 |  3.7
Dodging        | 3 |  3.5
Maces & Flails | 1 2 |  2.1
Fighting       | 3 |  3.2
Short Blades   | 1 |  1.6
Throwing       | 1 |  1.3
Stealth        | |  0.6
Unarmed Combat | |  2.3

Action                   |  1- 3 |  4- 6 || total
-------------------------+-------+-------++-------
Melee: Unarmed           |    40 |       ||    40
       Whip              |    82 |    70 ||   152
       Short sword       |       |   197 ||   197
Throw: Stone             |       |    21 ||    21
       Tomahawk          |       |    26 ||    26
       Javelin           |       |     1 ||     1
  Use: Scroll            |       |    10 ||    10
       Potion            |       |     1 ||     1
  Eat: Chunk             |    18 |    22 ||    40
Armor: Robe              |    64 |    55 ||   119
Dodge: Dodged            |    48 |    62 ||   110
Block: Shield            |    68 |   100 ||   168
